 Dungeon Crawl Stone Soup version 0.20.1-1-g8b1a95d (webtiles) character file.

12501 homeworkjunkie the Severer (level 11, -7/97 HPs)
             Began as a Hill Orc Fighter on Nov 13, 2017.
             Was an Elder of Okawaru.
             Mangled by a seven-headed hydra (11 damage)
             ... on level 2 of the Lair of Beasts.
             The game lasted 00:20:09 (10886 turns).

homeworkjunkie the Severer (Hill Orc Fighter)      Turns: 10886, Time: 00:20:10

Health: -7/97      AC: 23    Str: 24    XL:     11   Next: 94%
Magic:  15/15      EV:  8    Int:  8    God:    Okawaru [****..]
Gold:   548        SH:  4    Dex: 16    Spells: 10/10 levels left

rFire    . . .     SeeInvis +   I - +1 hand axe (flame)
rCold    . . .     Gourm    .   (no shield)
rNeg     . . .     Faith    .   F - +0 plate armour
rPois    .         Spirit   .   e - +2 helmet
rElec    .         Reflect  +   y - +2 cloak
rCorr    .         Harm     .   q - +1 pair of gloves
MR       +....                  g - +0 pair of boots "Idem" {+Blink Str+2 Dex+5}
Stlth    ..........             H - +4 amulet of reflection
Regen    0.3/turn               n - ring of see invisible
MPRegen  0.2/turn               s - ring of protection from magic

@: lethally poisoned (-7 -> -14)
A: no striking features
a: Heroism, Renounce Religion, Evoke Blink


You were on level 2 of the Lair of Beasts.
You worshipped Okawaru.
Okawaru was greatly pleased with you.
You were not hungry.

You visited 3 branches of the dungeon, and saw 14 of its levels.

You collected 548 gold pieces.

Inventory:

Hand Weapons
 a - a +2 war axe
 E - a +2 battleaxe of freezing
 I - a +1 hand axe of flaming (weapon)
Missiles
 h - 21 tomahawks (quivered)
 l - 5 steel javelins
 J - 2 javelins
Armour
 c - a +0 shield
 e - a +2 helmet (worn)
 g - the +0 pair of boots "Idem" (worn) {+Blink Str+2 Dex+5}
   (You found it on level 4 of the Dungeon)

   It affects your strength (+2).
   It affects your dexterity (+5).
   It lets you blink.
 q - a +1 pair of gloves (worn)
 v - a +2 pair of boots
 y - a +2 cloak (worn)
 F - a +0 plate armour (worn)
Jewellery
 n - a ring of see invisible (left hand)
 s - a ring of protection from magic (right hand)
 x - an uncursed amulet of the gourmand
 H - a +4 amulet of reflection (around neck)
 K - an uncursed amulet of guardian spirit
Wands
 i - a wand of flame (11/48)
 A - a wand of confusion (14/48)
 D - a wand of lightning (9/15)
 L - a wand of flame (34/48)
Scrolls
 d - 6 scrolls of remove curse
 j - 4 scrolls of teleportation
 k - 2 scrolls of magic mapping
 u - 5 scrolls of immolation
 B - 2 scrolls of fog
 C - 2 scrolls of identify
Potions
 b - 2 potions of mutation
 m - a potion of berserk rage
 o - 3 potions of lignification
 p - 2 potions of brilliance {unknown}
 r - 4 potions of heal wounds
 t - 6 potions of curing
 w - a potion of invisibility
 z - a potion of magic {unknown}
Comestibles
 f - 5 bread rations
 G - 4 meat rations


   Skills:
 * Level 9.5 Fighting
 * Level 15.8 Axes
 + Level 0.8 Throwing
 * Level 7.7 Armour
 + Level 1.4 Dodging
 + Level 0.6 Stealth
 * Level 8.6 Shields
 * Level 5.8 Evocations


You had 10 spell levels left.
You didn't know any spells.

Dungeon Overview and Level Annotations

Branches:
Dungeon (10/15)            Temple (1/1) D:5            Lair (3/6) D:9
  Swamp: Lair:2-4    Shoals: Lair:2-4     Snake: Lair:2-4    Spider: Lair:2-4
    Orc: D:9-12

Altars:
Ashenzari
Cheibriados
Dithmenos
Elyvilon
Fedhas
Gozag
Hepliaklqana
Kikubaaqudgha
Makhleb
Nemelex Xobeh
Okawaru
Qazlal
Ru
Sif Muna
Trog
Uskayaw
Vehumet
Xom
Yredelemnul
Zin
The Shining One

Shops:
D:5 [   D:8 (


Message History

You feel sick. The wolf bites you.
* * * LOW HITPOINT WARNING * * *
The wolf bites you but does no damage.
You feel sick.
The wolf bites you but does no damage. x2
The spiny frog stings you but does no damage.
You feel sick.
The water moccasin hisses angrily.
The wolf bites you.
* * * LOW HITPOINT WARNING * * *
The wolf barely misses you.
The wolf bites you but does no damage. x2
You feel sick. The wolf barely misses you.
There is a stone staircase leading up here.
You feel sick. The wolf bites you.
* * * LOW HITPOINT WARNING * * *
You block the wolf's attack. The wolf barely misses you.
The seven-headed hydra bites you.
* * * LOW HITPOINT WARNING * * *
The seven-headed hydra barely misses you.
The seven-headed hydra bites you!
You die...

....... #..... .♣.
#.(... ...##P....
........##### ### #
..........##.###.#.##
..♣♣.....†..........#
.......Fh@DlS#.###..#
........hh..#.## ...#
...........#.#.. ....
...........##.... ...
...♣............## #.
..♣.......#..#....
♣.......#......8
.%........+.......
$♣......P#...#..


You could see a seven-headed hydra, a komodo dragon, a spiny frog, a water
moccasin and 3 wolves.

Vanquished Creatures
  Erolcha (D:9)
  A two-headed ogre (D:8)
  The ghost of KrisztiCat the Basher, a novice MiBe of Trog (D:7)
  Pikel (D:6)
  A cyclops (D:9)
  A black mamba (Lair:1)
  2 hippogriffs
  The ghost of homeworkjunkie the Shield-Bearer, an amateur HOFi (D:3)
  2 wyverns (D:9)
  Eustachio (D:5)
  2 wargs (D:9)
  Menkaure (D:5)
  Duvessa (D:4)
  A water moccasin (Lair:2)
  6 orc warriors
  4 porcupines
  A slave (D:6)
  A sky beast (D:9)
  5 ice beasts
  34 wolves
  5 ogres
  2 centaurs
  3 crocodiles
  Blork the orc (D:4)
  A big kobold (D:8)
  6 bullfrogs
  2 scorpions
  Dowan (D:4)
  6 killer bees (D:8)
  5 wights (D:4)
  An electric eel (D:7)
  2 crimson imps
  A centaur zombie (D:5)
  4 hounds
  Crazy Yiuf (D:6)
  A centaur skeleton (D:4)
  17 orc priests
  2 bullfrog skeletons
  An iguana (D:9)
  10 orc wizards
  9 worker ants
  A hound zombie (D:7)
  Robin (D:2)
  A worker ant zombie (D:8)
  15 adders
  2 oozes (D:5)
  An adder skeleton (D:4)
  2 adder zombies (D:9)
  4 worms
  A dart slug (D:1)
  5 leopard geckos
  36 orcs
  9 giant cockroaches
  18 goblins
  7 hobgoblins
  3 jackals (D:5)
  4 quokkas
  2 ball pythons
  3 bats
  8 frilled lizards
  16 kobolds
  A quokka skeleton (D:8)
  10 rats
  2 bushes (D:2)
  A fungus (Lair:1)
  A plant (D:2)
303 creatures vanquished.

Notes
Turn   | Place    | Note
-------+----------+-------------------------------------------
     0 | D:1      | homeworkjunkie the Hill Orc Fighter began the quest for the Orb.
     0 | D:1      | Reached XP level 1. HP: 19/19 MP: 1/1
   165 | D:1      | Reached XP level 2. HP: 23/27 MP: 2/2
   284 | D:2      | Reached skill level 3 in Axes
   285 | D:2      | Reached XP level 3. HP: 31/33 MP: 3/3
   351 | D:2      | Found a radiant altar of Vehumet.
   457 | D:3      | Reached XP level 4. HP: 40/40 MP: 4/4
   507 | D:4      | Noticed Duvessa
   507 | D:4      | Noticed Dowan
   540 | D:3      | Reached skill level 4 in Axes
   543 | D:3      | Reached XP level 5. HP: 18/47 MP: 5/5
   779 | D:3      | Noticed homeworkjunkie's ghost (amateur HOFi)
   792 | D:2      | Noticed Robin
   800 | D:2      | Killed Robin
  2397 | D:3      | Found a deep blue altar of Sif Muna.
  2534 | D:3      | Killed homeworkjunkie's ghost
  2534 | D:3      | Reached skill level 5 in Fighting
  2534 | D:3      | Reached skill level 5 in Axes
  2534 | D:3      | Reached XP level 6. HP: 10/56 MP: 6/6
  2881 | D:3      | Reached skill level 6 in Axes
  3453 | D:5      | Entered Level 5 of the Dungeon
  3572 | D:4      | Killed Dowan
  3572 | D:4      | Reached skill level 1 in Evocations
  3572 | D:4      | Reached XP level 7. HP: 37/61 MP: 7/7
  3575 | D:4      | Killed Duvessa
  3575 | D:4      | Reached skill level 7 in Axes
  3591 | D:4      | Got a pair of pitted boots
  3597 | D:4      | Identified the +0 pair of boots "Idem" {+Blink Str+2 Dex+5} (You found it on level 4 of the Dungeon)
  3714 | D:4      | Reached skill level 5 in Shields
  4056 | D:4      | Reached XP level 8. HP: 35/70 MP: 9/9
  4075 | D:4      | Reached skill level 8 in Axes
  4839 | D:4      | Noticed Blork the orc
  4853 | D:4      | Killed Blork the orc
  4853 | D:4      | Reached skill level 5 in Armour
  4919 | D:5      | Noticed Eustachio
  4935 | D:5      | Killed Eustachio
  4935 | D:5      | Reached skill level 9 in Axes
  5220 | D:5      | Found Hittoalot's Antique Armour Boutique.
  5457 | D:5      | Noticed Menkaure
  5462 | D:5      | Killed Menkaure
  5556 | D:5      | Found a staircase to the Ecumenical Temple.
  5649 | Temple   | Entered the Ecumenical Temple
  5829 | D:6      | Reached XP level 9. HP: 78/78 MP: 11/11
  6050 | D:5      | Reached skill level 10 in Axes
  6225 | D:7      | Noticed KrisztiCat's ghost (novice MiBe)
  6330 | D:6      | Found a runed door.
  6334 | D:6      | Noticed Crazy Yiuf
  6340 | D:6      | Killed Crazy Yiuf
  6756 | D:6      | Noticed Pikel
  6791 | D:6      | Killed Pikel
  6791 | D:6      | Reached skill level 11 in Axes
  6791 | D:6      | Reached skill level 1 in Dodging
  7241 | D:7      | Found an opulent altar of Gozag.
  7475 | D:8      | Found a sparkling altar of Nemelex Xobeh.
  7541 | D:7      | Reached XP level 10. HP: 47/86 MP: 13/13
  7731 | D:8      | Reached skill level 12 in Axes
  7759 | D:7      | Killed KrisztiCat's ghost
  7796 | D:7      | Found a shadowy altar of Dithmenos.
  7796 | D:7      | Found a hazy altar of Hepliaklqana.
  8089 | D:8      | Noticed a two-headed ogre
  8094 | D:8      | Killed a two-headed ogre
  8183 | D:8      | Reached skill level 13 in Axes
  8335 | D:9      | Found an iron altar of Okawaru.
  8345 | D:9      | Became a worshipper of Warmaster Okawaru
  8451 | D:9      | Found a staircase to the Lair.
  8462 | D:9      | Reached * piety under Okawaru
  8559 | D:9      | Noticed a cyclops
  8572 | D:9      | Killed a cyclops
  8572 | D:9      | Reached skill level 14 in Axes
  8572 | D:9      | Reached XP level 11. HP: 44/94 MP: 14/14
  8834 | D:9      | Noticed Erolcha
  8847 | D:9      | Found a flagged portal.
  8860 | D:9      | Killed Erolcha
  8860 | D:9      | Reached ** piety under Okawaru
  8860 | D:9      | Reached skill level 5 in Evocations
  9274 | D:10     | Entered Level 10 of the Dungeon
  9487 | D:8      | Found Toishatt's Antique Weapon Shop.
  9553 | D:8      | Found a white marble altar of Elyvilon.
 10066 | Lair:1   | Entered Level 1 of the Lair of Beasts
 10073 | Lair:1   | Reached skill level 15 in Axes
 10120 | Lair:2   | Reached *** piety under Okawaru
 10190 | Lair:2   | Reached **** piety under Okawaru
 10859 | Lair:2   | Noticed a seven-headed hydra
 10886 | Lair:2   | HP: 4/97 [seven-headed hydra (2)]
 10886 | Lair:2   | Mangled by a seven-headed hydra

Skill      XL: |  1  2  3  4  5  6  7  8  9 10 11 |
---------------+----------------------------------+-----
Fighting       | 4 5 6 7 8 9 |  9.5
Axes           | 3 4 5 6 7 9 11 14 15 | 15.8
Shields        | 4 5 6 7 8 |  8.6
Armour         | 4 5 6 7 |  7.7
Evocations     | 1 2 4 5 |  5.8
Dodging        | 1 |  1.4
Throwing       | |  0.8
Stealth        | |  0.6

Action                   |  1- 3 |  4- 6 |  7- 9 | 10-12 || total
-------------------------+-------+-------+-------+-------++-------
Melee: War axe           |    55 |   262 |   296 |       ||   613
       Battleaxe         |       |       |    23 |   278 ||   301
       Hand axe          |       |       |       |     5 ||     5
Throw: Tomahawk          |       |       |     6 |     7 ||    13
Evoke: Wand              |       |     3 |       |       ||     3
  Use: Potion            |     1 |     3 |     2 |     2 ||     8
       Scroll            |     3 |    10 |     4 |     8 ||    25
 Stab: Invisible         |       |     3 |       |       ||     3
  Eat: Bread ration      |       |     2 |     1 |     1 ||     4
       Royal jelly       |       |     1 |     2 |     2 ||     5
       Chunk             |       |       |     1 |     2 ||     3
       Fruit             |       |       |     2 |     2 ||     4
Armor: Scale mail        |    19 |    63 |     1 |       ||    83
       Chain mail        |       |       |   154 |       ||   154
       Plate armour      |       |       |     5 |   248 ||   253
Dodge: Dodged            |    20 |    68 |   105 |   123 ||   316
Block: Shield            |    32 |    99 |   156 |       ||   287
       Other             |       |       |       |    46 ||    46
       Reflection        |       |       |       |     2 ||     2
